 Dungeon Crawl Stone Soup version 0.20.1-1-g8b1a95d (webtiles) character file.

46 Melbolja the Gusty (level 3, -2/19 HPs)
             Began as a Deep Elf Air Elementalist on Oct 2, 2017.
             Slain by a worm (10 damage)
             ... on level 2 of the Dungeon.
             The game lasted 00:07:47 (1387 turns).

Melbolja the Gusty (Deep Elf Air Elementalist)      Turns: 1387, Time: 00:07:47

Health: -2/19      AC:  2    Str:  5    XL:     3   Next: 44%
Magic:  1/10       EV: 13    Int: 19    God:
Gold:   89         SH:  0    Dex: 16    Spells: 5/9 levels left

rFire    . . .     SeeInvis .   (no weapon)
rCold    . . .     Gourm    .   (no shield)
rNeg     . . .     Faith    .   a - +0 robe
rPois    .         Spirit   .   (no helmet)
rElec    .         Reflect  .   (no cloak)
rCorr    .         Harm     .   (no gloves)
MR       .....                  (no boots)
Stlth    ++........             (no amulet)
Regen    0.1/turn               (no ring)
MPRegen  0.2/turn               (no ring)

@: no status effects
A: no striking features
a: no special abilities


You were on level 2 of the Dungeon.
You were hungry.

You visited 1 branch of the dungeon, and saw 2 of its levels.

You collected 89 gold pieces.

Inventory:

Missiles
 d - 24 poisoned needles
 i - 13 arrows
Armour
 a - a +0 robe (worn)
Scrolls
 e - a scroll of blinking
 f - 2 scrolls of remove curse
 h - a scroll of teleportation
 j - 2 scrolls of identify {unknown}
Potions
 k - a potion of invisibility {unknown}
Books
 b - a book of Air

   Spells                             Type                      Level
   a - Shock                          Conjuration/Air              1
   b - Swiftness                      Charms/Air                   2
   c - Static Discharge               Conjuration/Air              3
   d - Airstrike                      Air                          4
   e - Lightning Bolt                 Conjuration/Air              5
Comestibles
 c - 2 bread rations
 g - 2 meat rations


   Skills:
 + Level 2.8 Dodging
 + Level 2.7 Stealth
 + Level 3.6 Spellcasting
 + Level 1.3 Conjurations
 + Level 3.8 Air Magic


You had 5 spell levels left.
You knew the following spells:

 Your Spells              Type           Power        Failure   Level  Hunger
a - Shock                 Conj/Air       ##..         4%          1    None
b - Static Discharge      Conj/Air       ##......     14%         3    ###....


Dungeon Overview and Level Annotations

Branches:
Dungeon (2/15)

Altars:
Ru
Vehumet
The Shining One


Message History

Confirm with . or Enter, or press ? or * to list all spells.
The worm is struck by lightning.
The worm is heavily wounded.
The lightning arcs!
You are struck by lightning.
The lightning grounds out.
Casting: Static Discharge
Confirm with . or Enter, or press ? or * to list all spells.
The worm is struck by lightning.
The worm is almost dead.
The lightning arcs!
You are struck by lightning.
The lightning grounds out.
The worm bites you.
Casting: Static Discharge
Confirm with . or Enter, or press ? or * to list all spells.
Aiming: Shock
Press: ? - help, Shift-Dir - straight line, f/p - worm
Aim: a worm (almost dead)
The zap hits the worm.
The worm is almost dead.
The worm bites you!
Ouch! That really hurt!
You die...

.####......###.......##.#
..<........# #....##.##.#
#####.####.# #..#.##.##.#
#####.# ....#.##.##.#
#.....#####.)##.#.......#
#.###........ #.####.##.#
#.#####.# #. #.##.# #.#
#w####.##.#
##.#####.###.@.......#
#.................##.# #
#..#####..........##.#########
#. #..#
####.......##..........
#.##..# #.#...#......)......
#.....# #.##.##..####.##....
###...####.###.##.##..#
#.###### #........>..........#
#.# # #..#####.###.##.....#
#.# #


You could see a worm.

Vanquished Creatures
  An adder (D:2)
  2 oozes
  4 giant cockroaches
  A goblin (D:1)
  2 hobgoblins (D:2)
  6 jackals (D:1)
  2 bats (D:1)
  A frilled lizard (D:1)
  3 kobolds
  4 rats
26 creatures vanquished.

Notes
Turn   | Place    | Note
-------+----------+-------------------------------------------
     0 | D:1      | Melbolja the Deep Elf Air Elementalist began the quest for the Orb.
     0 | D:1      | Reached XP level 1. HP: 10/10 MP: 6/6
   333 | D:1      | Reached XP level 2. HP: 15/15 MP: 2/8
  1000 | D:2      | Reached XP level 3. HP: 19/19 MP: 4/9
  1157 | D:2      | Learned a level 3 spell: Static Discharge
  1222 | D:2      | Found a glowing golden altar of the Shining One.
  1226 | D:2      | Found a sacrificial altar of Ru.
  1226 | D:2      | Found a radiant altar of Vehumet.
  1387 | D:2      | Slain by a worm

Action                   || total
-------------------------++-------
Melee: Unarmed           ||     8
 Cast: Shock             ||    53
       Static Discharge  ||     5
  Use: Scroll            ||     4
  Eat: Chunk             ||     1
Armor: Robe              ||     3
Dodge: Dodged            ||    13
